 Dungeon Crawl Stone Soup version 0.19.4-8-ga85b6b9 (console) character file.

53 Grinner the Changer (level 3, 0/17 HPs)
             Began as a Spriggan Transmuter on Feb 13, 2017.
             Slain by an adder (2 damage)
             ... on level 2 of the Dungeon.
             The game lasted 00:04:02 (2189 turns).

Grinner the Changer (Spriggan Transmuter)           Turns: 2189, Time: 00:04:02

Health: 0/17       AC:  2    Str:  7    XL:     3   Next: 64%
Magic:  8/8        EV: 18    Int: 14    God:
Gold:   77         SH:  0    Dex: 18    Spells: 1 memorised, 7 levels left

rFire  + + .     SeeInvis +       - Unarmed
rCold  + . .     Gourm    .     b - +0 robe
rNeg   . . .     Faith    .     (shield restricted)
rPois  +         Spirit   .     (helmet restricted)
rElec  +         Reflect  .     (no cloak)
rCorr  +         Harm     .     (gloves unavailable)
MR     .....                    (boots unavailable)
Stlth  ++........               (no amulet)
                                (no ring)
                                l - ring of protection from fire

@: lethally poisoned (0 -> -8), appendage (expiring), resistant, very slightly
contaminated, hasted, very quick
A: unfitting armour, talons 3, thin skeletal structure 1, see invisible,
herbivore 3, speed 3, slow metabolism 2, wild magic 1
a: End Transformation


You were on level 2 of the Dungeon.
You were not hungry.
You had grown temporary talons.
You visited 1 branch of the dungeon, and saw 2 of its levels.

You collected 77 gold pieces.

Inventory:

Missiles
 a - 47 arrows
Armour
 b - a +0 robe (worn)
Jewellery
 l - a ring of protection from fire (left hand)
Scrolls
 e - a scroll of fear {unknown}
 f - 3 scrolls of blinking {unknown}
 i - 3 scrolls of recharging {unknown}
 k - a scroll of fog {unknown}
 m - 5 scrolls of identify {unknown}
 n - a scroll of enchant weapon {unknown}
 p - a scroll of immolation {unknown}
Books
 c - a book of Changes

   Spells                             Type                      Level
   a - Beastly Appendage              Transmutation                1
   b - Sticks to Snakes               Transmutation                2
   c - Spider Form                    Transmutation/Poison         3
   d - Ice Form                       Ice/Transmutation            4
   e - Blade Hands                    Transmutation                5
Comestibles
 d - a bread ration
 j - 2 slices of pizza


   Skills:
 - Level 0.7 Fighting
 - Level 3.0 Dodging
 * Level 3.3 Unarmed Combat
 + Level 3.1 Spellcasting
 + Level 3.6 Transmutations


You had 7 spell levels left.
You knew the following spells:

 Your Spells              Type           Power        Failure   Level  Hunger
z - Beastly Appendage     Tmut           ###...       10%         1    #......


Dungeon Overview and Level Annotations

Branches:
Dungeon (2/15)

Altars:
Gozag


Innate Abilities, Weirdness & Mutations

You are very small and have problems with some larger weapons.
You are too small for most types of armour.
You have supernaturally acute eyesight. (SInv)
You are a herbivore.
You cover ground extremely quickly.
You need consume almost no food.
You have claws for feet.
You have a somewhat thin skeletal structure. (Dex +2, Stealth)
Your spells are a little harder to cast, but a little more powerful.


Message History

It was a potion of magic.
Magic courses through your body. The adder misses you.
You barely miss the adder.
The adder is lightly wounded.
Your transformation is almost over.
* * * LOW HITPOINT WARNING * * *
You feel sick. The adder misses you.
You closely miss the adder. Your kick misses the adder. You hit the adder.
Your kick misses the adder.
The adder is lightly wounded.
The adder bites you.
* * * LOW HITPOINT WARNING * * *
You closely miss the adder.
The adder is lightly wounded.
The adder barely misses you.
You closely miss the adder. You claw the adder.
The adder is lightly wounded.
* * * LOW HITPOINT WARNING * * *
You feel sick. The adder bites you.
You die...

... ... ... #S# .h.
. #.#####.# ...
#.l.....#
.....#####.##
#...@Shh.#
#.#####..# #.# #..#
####### #.#
###..#####.##
#.....# #.#
#............
#.....###.#
#.#..#####.#.
#.......†.# #....##
#.....###.###)....#
#.....# #........##


You could see an adder and 2 jackals.

Vanquished Creatures
  An adder (D:2)
  An adder zombie (D:1)
  2 leopard geckos (D:2)
  A bat zombie (D:1)
  2 giant cockroaches (D:1)
  3 goblins
  2 hobgoblins
  2 jackals (D:2)
  5 kobolds
  A quokka (D:2)
  A ball python (D:1)
  5 bats
  5 frilled lizards
  7 rats
38 creatures vanquished.

Notes
Turn   | Place    | Note
-------+----------+-------------------------------------------
     0 | D:1      | Grinner the Spriggan Transmuter began the quest for the Orb.
     0 | D:1      | Reached XP level 1. HP: 9/9 MP: 5/5
    96 | D:1      | Reached XP level 2. HP: 12/14 MP: 4/6
  1456 | D:2      | Reached XP level 3. HP: 17/17 MP: 6/8
  1537 | D:2      | Found an opulent altar of Gozag.
  2181 | D:2      | Gained mutation: You have a somewhat thin skeletal structure. (Dex +2, Stealth) [potion of mutation]
  2181 | D:2      | Gained mutation: Your spells are a little harder to cast, but a little more powerful. [potion of mutation]
  2189 | D:2      | Slain by an adder

Skill      XL: |  1  2 |
---------------+-------+-----
Transmutations | 3 |  3.6
Unarmed Combat | 3 |  3.3
Spellcasting   | 3 |  3.1
Fighting       | |  0.7
Dodging        | |  3.0

Action                   || total
-------------------------++-------
Melee: Unarmed           ||   178
       Headbutt          ||    19
       Kick              ||    18
       Punch             ||     1
 Cast: Beastly Appendage ||    27
  Use: Potion            ||     4
 Stab: Sleeping          ||     1
Armor: Robe              ||    20
Dodge: Dodged            ||   164
